 Dungeon Crawl Stone Soup version 0.28-a0-684-g30a9fa1a03 (webtiles) character file.

Game seed: 13244392730266282212

63838 EiAlmux the Eclecticist (level 14, -12/72 HPs)
             Began as a Deep Elf Conjurer on Oct 19, 2021.
             Was a High Priest of Vehumet.
             Shot with a bolt by an orc warlord (27 damage)
             ... on level 1 of the Orcish Mines.
             The game lasted 01:13:02 (23571 turns).

EiAlmux the Eclecticist (Deep Elf Conjurer)        Turns: 23571, Time: 01:13:02

Health: -12/72     AC:  7    Str:  5    XL:     14   Next: 69%
Magic:  13/45      EV: 31    Int: 31    God:    Vehumet [*****.]
Gold:   1698       SH:  5    Dex: 13    Spells: 13/46 levels left

rFire   + . .      SeeInvis .   l - staff of conjuration
rCold   + . .      Faith    .   F - +0 buckler
rNeg    . . .      Spirit   .   H - +0 troll leather armour
rPois   +          Reflect  .   A - +0 helmet
rElec   +          Harm     .   P - scarf {rC+ rF+}
rCorr   +          Rampage  .   (no gloves)
Will    +++..                   b - +1 pair of boots
Stlth   +++++.....              e - amulet of the acrobat
HPRegen 1.22/turn               R - ring "Inuihooz" {rPois Will+ rCorr MP+9 Slay+4}
MPRegen 0.29/turn               V - ring of Ewopn {Wiz rElec Will+ Int+3}

@: acrobatic, studying Fighting
A: no striking features
a: Renounce Religion


You were on level 1 of the Orcish Mines.
You worshipped Vehumet.
Vehumet was extremely pleased with you.
You visited 3 branches of the dungeon, and saw 18 of its levels.
You also visited: Sewer and Bailey.

You collected 3093 gold pieces.
You spent 1395 gold pieces at shops.

Inventory:

Armour
 b - a +1 pair of boots (worn)
 A - a +0 helmet (worn)
 F - a +0 buckler (worn)
 H - a +0 troll leather armour (worn)
 L - the +7 scale mail of the Secret Seers {rElec}
   (You found it on level 8 of the Dungeon)

   rElec:     It insulates you from electricity.
 P - a scarf of resistance (worn)
Magical Staves
 d - a staff of air
 l - a staff of conjuration (weapon)
 C - a staff of death
 U - a staff of earth
Jewellery
 e - an amulet of the acrobat (around neck)
 r - a +6 ring of strength
 Q - a ring of positive energy
 R - the ring "Inuihooz" (left hand) {rPois Will+ rCorr MP+9 Slay+4}
   (You found it on level 11 of the Dungeon)

   [ring of slaying]

   Slay:      It affects your accuracy & damage with ranged weapons and melee
   (+4).
   rPois:     It protects you from poison.
   MP:        It affects your magic capacity (+9).
   rCorr:     It protects you from acid and corrosion.
   Will:      It increases your willpower.
 V - the ring of Ewopn (right hand) {Wiz rElec Will+ Int+3}
   (You acquired it on level 2 of the Lair of Beasts)

   [ring of wizardry]

   It improves your spell success rate.
   Int:       It affects your intelligence (+3).
   rElec:     It insulates you from electricity.
   Will:      It increases your willpower.
Wands
 m - a wand of digging (7)
 q - a wand of charming (5)
 E - a wand of mindburst (11)
 N - a wand of polymorph (4)
Scrolls
 a - 2 scrolls of silence
 f - 3 scrolls of enchant armour
 h - 2 scrolls of immolation
 j - 7 scrolls of enchant weapon
 k - 4 scrolls of magic mapping
 n - 8 scrolls of teleportation
 s - 3 scrolls of brand weapon
 t - 5 scrolls of fear
 y - a scroll of vulnerability
 B - 4 scrolls of amnesia
 I - a scroll of blinking {unknown}
 J - a scroll of fog {unknown}
 K - 3 scrolls of summoning
 O - 4 scrolls of noise
Potions
 c - a potion of experience {unknown}
 g - 2 potions of might
 i - 4 potions of degeneration
 o - 4 potions of attraction {unknown}
 p - a potion of brilliance {unknown}
 u - 9 potions of heal wounds
 v - 3 potions of flight
 w - 3 potions of haste
 x - 4 potions of mutation
 z - 2 potions of cancellation {unknown}
 D - 7 potions of curing
 G - a potion of ambrosia {unknown}
 M - 4 potions of magic


   Skills:
 - Level 2.0 Fighting
 - Level 12.0 Dodging
 - Level 12.0 Stealth
 - Level 4.0 Shields
 + Level 16.8 Spellcasting
 + Level 13.0 Conjurations
 - Level 3.0 Hexes
 - Level 2.0 Translocations
 - Level 5.0 Transmutations
 * Level 12.4 Fire Magic
 - Level 5.0 Ice Magic
 - Level 5.0 Poison Magic


You had 13 spell levels left.
You knew the following spells:

 Your Spells              Type           Power      Damage    Failure   Level
a - Olgreb's Toxic Radia  Pois           54%        N/A       1%          4
b - Ignite Poison         Fire/Tmut/Pois 64%        N/A       1%          3
c - Fireball              Conj/Fire      51%        3d20      1%          5
d - Iskenderun's Mystic   Conj/Tloc      83%        2d16      1%          4
e - Magic Dart            Conj           100%       1d8       0%          1
f - Searing Ray           Conj           100%       2d8       0%          2
g - Flame Wave            Conj/Fire      100%       3d16      1%          4
h - Eringya's Noxious Bo  Tmut/Pois      27%        N/A       6%          6
i - Fulminant Prism       Conj/Hex       42%        3d20      1%          4

Your spell library contained the following spells:

 Spells                   Type           Power      Damage    Failure   Level
 Spellforged Servitor     Conj/Summ      39%        N/A       16%         7
 Animate Skeleton         Necr           52%        N/A       1%          1
 Apportation              Tloc           76%        N/A       1%          1
 Summon Small Mammal      Summ           100%       N/A       1%          1
 Blink                    Tloc           N/A        N/A       1%          2
 Ensorcelled Hibernation  Hex/Ice        100%       N/A       1%          2
 Static Discharge         Conj/Air       79%        N/A       1%          2
 Dazzling Flash           Conj/Hex       100%       N/A       1%          3
 Frozen Ramparts          Ice            100%       1d12      1%          3
 Lesser Beckoning         Tloc           38%        N/A       1%          3
 Ozocubu's Armour         Ice            54%        N/A       1%          3
 Portal Projectile        Hex/Tloc       82%        N/A       1%          3
 Spider Form              Tmut/Pois      27%        N/A       1%          3
 Stone Arrow              Conj/Erth      100%       3d13      1%          3
 Ice Form                 Ice/Tmut       54%        N/A       1%          4
 Freezing Cloud           Conj/Ice/Air   38%        6-21      1%          5
 Lightning Bolt           Conj/Air       39%        1d58      1%          5
 Petrify                  Tmut/Erth      41%        N/A       4%          4
 Summon Ice Beast         Ice/Summ       41%        N/A       4%          4
 Blade Hands              Tmut           27%        N/A       4%          5
 Metabolic Englaciation   Hex/Ice        25%        N/A       6%          5
 Lee's Rapid Deconstruct  Erth           13%        3d10*     9%          5
 Animate Dead             Necr           13%        N/A       11%         4
 Ignition                 Fire           40%        3d12      12%         8
 Manifold Assault         Tloc           38%        N/A       13%         5
 Excruciating Wounds      Necr           13%        N/A       28%         5
 Ozocubu's Refrigeration  Ice            27%        4d10      28%         7
 Simulacrum               Ice/Necr       20%        N/A       50%         6
 Statue Form              Tmut/Erth      27%        N/A       50%         6
 Haunt                    Necr/Summ      13%        N/A       100%        7
 Infestation              Necr           13%        N/A       100%        8
 Maxwell's Capacitive Co  Air            13%        ∞         100%        8
 Polar Vortex             Ice            27%        N/A       100%        9


Dungeon Overview and Level Annotations

Branches:
Dungeon (11/15)            Temple (0/1) D:7            Lair (6/6) D:9
 Shoals (0/4) Lair:2        Snake (0/4) Lair:4        Slime (0/5) Lair:5
    Orc (1/2) D:9           Sewer (visited)          Bailey (visited)

Altars:
Ashenzari
Dithmenos
Elyvilon
Hepliaklqana
Kikubaaqudgha
Makhleb
Qazlal
Ru
Trog
Uskayaw
Vehumet
Xom
Zin
The Shining One

Shops:
D:11 :[!(

Portals:
Hell: Lair:6
Trove: D:10 (give +2 ice dragon scales)


Message History

Your Ice Magic skill increases to level 5!
Maurice looks even sicker.
Your toxic aura wanes.
Maurice zaps a wand.
You resist with almost no effort.
Casting: Olgreb's Toxic Radiance (mildly dangerous; 1% risk of failure)
Confirm with . or Enter, or press ? or * to list all spells.
You ignite the poison in your surroundings!
Maurice seems to burn from within!!!
Maurice is almost dead.
The orc warrior seems to burn from within!
You kill the orc warrior!
Vehumet accepts your kill.
You feel your power returning.
The orc warrior seems to burn from within!!
You kill the orc warrior!
Vehumet accepts your kill.
You feel your power returning.
The orc warlord seems to burn from within!!
The orc warlord is moderately wounded.
The orc priest seems to burn from within!!
You kill the orc priest!
Vehumet accepts your kill.
You feel your power returning.
The orc warlord shoots a bolt.
The bolt hits you!!
Casting: Ignite Poison (safe; 1% risk of failure)
Confirm with . or Enter, or press ? or * to list all spells.
You can't see any susceptible monsters within range! (Use Z to cast anyway.)
You feel a surge of power!
The fireball explodes!
The fireball engulfs Maurice!!
You kill Maurice!
Vehumet accepts your kill.
You feel your power returning.
You hear a shout!
The orc warlord shoots a bolt.
The bolt hits you!!!
Ouch! That really hurt!
* * * LOW HITPOINT WARNING * * *
Things that are here:
a +2 spectral giant club; a +0 robe The orc warlord shoots a bolt.
The bolt hits you!!
You die...

...))...## ...#.....#
........## ......).#### ##
.........#.#### ######.##
>........o..#.###.##....#
...........#......)))..##
...............).(##..##
...#..........).@)##.....
#..##.......#......##.##.#
....###...^..)....## ## #
... #.....#..).## ..
##........)# #$..........#
..#...##.##.## .#####
######


You could see an orc warlord.

Vanquished Creatures
  A dire elephant (Lair:6)
  8 hydras
  Erolcha (Orc:1)
  4 two-headed ogres
  13 death yaks
  An orc high priest (Orc:1)
  A sun demon (Lair:6)
  An orc knight (Orc:1)
  A wizard (Lair:6)
  A manticore (D:10)
  15 elephants
  A cyclops (Orc:1)
  3 black mambas
  Maurice (Orc:1)
  Joseph (D:7)
  2 orange demons (Lair:6)
  A smoke demon (Lair:6)
  A gargoyle (D:11)
  A torpor snail (Lair:6)
  14 cane toads
  4 rime drakes (Lair:6)
  20 komodo dragons
  3 red devils (Lair:6)
  2 trolls
  A hornet (D:10)
  12 blink frogs
  3 polar bears
  11 dream sheep
  Sigmund (D:5)
  A shadow (D:9)
  4 wyverns
  50 yaks
  12 basilisks
  Eustachio (D:4)
  A steam dragon (D:8)
  2 acid dragons (D:10)
  2 wargs (Orc:1)
  15 water moccasins
  4 hell hounds (Lair:6)
  19 orc warriors
  4 black bears
  3 sky beasts
  9 wolves
  3 ogres
  16 centaurs
  Blork the orc (D:4)
  10 bullfrogs
  5 kobold brigands
  A gnoll sergeant (D:9)
  2 scorpions
  A water moccasin skeleton (D:6)
  18 killer bees
  9 howler monkeys
  5 jellies
  A crimson imp (D:4)
  A bullfrog skeleton (D:5)
  2 hounds (D:5)
  6 orc priests
  4 centaur zombies
  A centaur skeleton (D:6)
  2 gnoll shamans
  An iguana (D:6)
  11 orc wizards
  Terence (D:2)
  A killer bee zombie (D:7)
  A hound zombie (D:5)
  3 howler monkey zombies
  17 gnolls
  A howler monkey skeleton (D:7)
  8 adders
  3 river rats (Sewer)
  A shadow imp (D:7)
  An ufetubus (D:5)
  An adder skeleton (D:2)
  3 worms
  6 dart slugs
  64 orcs
  7 endoplasms
  5 giant cockroaches
  12 goblins
  9 hobgoblins
  8 jackals
  45 kobolds
  5 quokkas (D:5)
  10 ball pythons
  5 bats
  5 frilled lizards
  A goblin skeleton (D:4)
  3 goblin zombies (D:4)
  4 hobgoblin zombies (D:4)
  An orc zombie (D:4)
  27 rats
614 creatures vanquished.

Vanquished Creatures (others)
  46 fulminant prisms
  39 fungi
  48 plants
133 creatures vanquished.

Grand Total: 747 creatures vanquished

Notes
Turn   | Place    | Note
-------+----------+-------------------------------------------
     0 | D:1      | EiAlmux the Deep Elf Conjurer began the quest for the Orb.
     0 | D:1      | Reached XP level 1. HP: 10/10 MP: 6/6
   326 | D:1      | Reached XP level 2. HP: 16/16 MP: 5/8
   409 | D:1      | Learned a level 2 spell: Searing Ray
  1008 | D:1      | Reached skill level 1 in Fighting
  1423 | D:2      | Reached XP level 3. HP: 20/20 MP: 6/10
  1526 | D:2      | Found a faded altar of an unknown god.
  1757 | D:2      | Noticed a black bear
  1794 | D:2      | Noticed Terence
  1799 | D:2      | Killed Terence
  1800 | D:2      | Reached XP level 4. HP: 26/26 MP: 4/11
  2294 | D:3      | Noticed a scorpion
  2297 | D:3      | Killed a scorpion
  2298 | D:3      | Reached skill level 4 in Spellcasting
  2298 | D:3      | Reached skill level 5 in Conjurations
  2298 | D:3      | Reached XP level 5. HP: 30/30 MP: 7/13
  2586 | D:3      | Found a shadowy altar of Dithmenos.
  2935 | D:3      | Reached skill level 5 in Spellcasting
  2935 | D:3      | Reached XP level 6. HP: 35/35 MP: 5/15
  3308 | D:3      | Found a stormy altar of Qazlal.
  3311 | D:3      | Found a white marble altar of Elyvilon.
  3315 | D:3      | Found a bloodstained altar of Trog.
  3315 | D:3      | Found a burning altar of Makhleb.
  3315 | D:3      | Found a hazy altar of Hepliaklqana.
  3320 | D:3      | Found a sacrificial altar of Ru.
  3732 | D:4      | Reached skill level 1 in Hexes
  3858 | D:4      | Reached skill level 5 in Stealth
  3920 | D:4      | Reached XP level 7. HP: 40/40 MP: 11/17
  3991 | D:4      | Noticed Blork the orc
  3997 | D:4      | Killed Blork the orc
  4198 | D:4      | Noticed Eustachio
  4218 | D:4      | Killed Eustachio
  4219 | D:4      | Reached skill level 6 in Spellcasting
  4310 | D:4      | Found a glowing golden altar of the Shining One.
  4856 | D:4      | Found a shimmering altar of Xom.
  4896 | D:4      | Found a glowing silver altar of Zin.
  4896 | D:4      | Found a stormy altar of Qazlal.
  4923 | D:4      | Found a shimmering altar of Xom.
  4923 | D:4      | Found a broken altar of Ashenzari.
  4923 | D:4      | Found a shimmering altar of Xom.
  5228 | D:2      | Reached skill level 1 in Shields
  5327 | D:5      | Entered Level 5 of the Dungeon
  5333 | D:5      | Reached XP level 8. HP: 44/44 MP: 13/20
  5360 | D:5      | Reached skill level 5 in Dodging
  5360 | D:5      | Reached skill level 7 in Spellcasting
  5384 | D:5      | Noticed Sigmund
  5578 | D:5      | Found a glowing drain.
  5593 | Sewer    | Entered a sewer
  6625 | Sewer    | Learned a level 4 spell: Fulminant Prism
  6927 | D:5      | Found a radiant altar of Vehumet.
  6935 | D:5      | Became a worshipper of Vehumet
  7253 | D:5      | Killed Sigmund
  7347 | D:5      | Reached skill level 8 in Spellcasting
  7631 | D:6      | Reached XP level 9. HP: 48/48 MP: 17/23
  7962 | D:6      | Noticed a +0 short sword
  7962 | D:6      | Noticed a +0 falchion
  7963 | D:6      | Noticed a +0 dagger
  7963 | D:6      | Noticed a +0 spear
  7964 | D:6      | Noticed a +0 short sword
  7964 | D:6      | Noticed a +0 spear
  7965 | D:6      | Noticed a +0 dagger
  8263 | D:6      | Reached * piety under Vehumet
  8263 | D:6      | Offered knowledge of Foxfire by Vehumet.
  8457 | D:6      | Found Zin's Purification Station.
  8457 | D:6      | Found a glowing silver altar of Zin.
  8463 | D:6      | Bought a potion of curing for 90 gold pieces
  8588 | D:6      | Found a hide-covered altar of Uskayaw.
  8589 | D:6      | Noticed a +0 falchion
  8800 | D:7      | Noticed Joseph
  8807 | D:7      | Learned a level 4 spell: Iskenderun's Mystic Blast
  9036 | D:7      | Reached skill level 1 in Translocations
  9212 | D:8      | Noticed a troll
  9222 | D:8      | Killed a troll
  9223 | D:8      | Reached skill level 9 in Spellcasting
  9369 | D:8      | Reached ** piety under Vehumet
  9369 | D:8      | Offered knowledge of Freeze by Vehumet.
  9495 | D:8      | Reached XP level 10. HP: 53/53 MP: 17/25
  9547 | D:8      | Noticed a two-headed ogre
  9555 | D:8      | Killed a two-headed ogre
  9787 | D:8      | Reached skill level 10 in Spellcasting
 10442 | D:8      | Identified the +7 scale mail of the Secret Seers {rElec}
 10737 | D:9      | Found a staircase to the Orcish Mines.
 10906 | D:9      | Reached skill level 10 in Conjurations
 10960 | D:9      | Reached skill level 11 in Spellcasting
 10960 | D:9      | Offered knowledge of Conjure Flame by Vehumet.
 11187 | D:9      | Noticed an elephant
 11198 | D:9      | Killed an elephant
 11208 | D:9      | Found a staircase to the Lair.
 11215 | D:9      | Identified a scroll of acquirement
 11216 | D:9      | Acquired 1121 gold pieces
 11439 | D:10     | Entered Level 10 of the Dungeon
 11510 | D:10     | Found a portal to a secret trove of treasure.
 11551 | D:10     | Reached skill level 12 in Spellcasting
 11654 | D:10     | Noticed a manticore
 11689 | D:10     | Noticed a two-headed ogre
 11708 | D:10     | Killed a two-headed ogre
 11709 | D:10     | Reached XP level 11. HP: 57/57 MP: 13/29
 11764 | D:10     | Reached *** piety under Vehumet
 12515 | D:11     | Found a flagged portal.
 12525 | D:11     | Noticed a two-headed ogre
 12533 | D:11     | Killed a two-headed ogre
 12534 | D:11     | Reached skill level 13 in Spellcasting
 12611 | Bailey   | Entered a bailey
 12642 | Bailey   | Offered knowledge of Flame Wave by Vehumet.
 12648 | Bailey   | Learned a level 4 spell: Flame Wave
 12936 | Bailey   | Reached skill level 1 in Fire Magic
 13143 | Bailey   | Reached **** piety under Vehumet
 13184 | Bailey   | Offered knowledge of Ignite Poison by Vehumet.
 13863 | D:11     | Found Peskoh's Hydra Hut.
 13864 | D:11     | Noticed a five-headed hydra
 13879 | D:11     | Identified the ring "Inuihooz" {rPois Will+ rCorr MP+9
                  | Slay+4}
 14019 | D:11     | Noticed a two-headed ogre
 14037 | D:11     | Killed a two-headed ogre
 14139 | D:11     | Found Dyraodezamo's Distillery.
 14146 | D:11     | Bought a potion of flight for 45 gold pieces
 14146 | D:11     | Bought a potion of mutation for 120 gold pieces
 14327 | D:11     | Found Ybbin's Armour Shoppe.
 14428 | D:11     | Found Ufeitsuvo's Book Shoppe.
 14441 | D:11     | Learned a level 3 spell: Ignite Poison
 14441 | D:11     | Bought the Unrestrained Analects for 660 gold pieces
 14441 | D:11     | Bought a book of Weapons for 480 gold pieces
 14446 | D:11     | Learned a level 4 spell: Olgreb's Toxic Radiance
 14860 | D:7      | Found a staircase to the Ecumenical Temple.
 14899 | D:7      | Killed Joseph
 15089 | D:7      | Found an ancient bone altar of Kikubaaqudgha.
 15203 | Lair:1   | Entered Level 1 of the Lair of Beasts
 15255 | Lair:1   | Reached skill level 1 in Poison Magic
 15324 | Lair:1   | Reached XP level 12. HP: 62/62 MP: 27/31
 15620 | Lair:1   | Reached skill level 14 in Spellcasting
 15625 | Lair:1   | Reached ***** piety under Vehumet
 15625 | Lair:1   | Offered knowledge of Eringya's Noxious Bog by Vehumet.
 15625 | Lair:1   | HP: 3/62 [komodo dragon (29)]
 15627 | Lair:1   | Reached skill level 10 in Stealth
 16429 | Lair:1   | Learned a level 6 spell: Eringya's Noxious Bog
 16648 | Lair:2   | Found a staircase to the Shoals.
 16706 | Lair:2   | Reached skill level 1 in Transmutations
 16776 | Lair:2   | Acquired the ring of Ewopn {Wiz rElec Will+ Int+3}
 17149 | Lair:2   | Reached skill level 5 in Fire Magic
 17446 | Lair:3   | Reached skill level 10 in Dodging
 17533 | Lair:3   | Reached skill level 5 in Poison Magic
 17680 | Lair:3   | Found the +7 great mace "Undeadhunter" {disrupt, rN+}
 17746 | Lair:3   | Identified the +4 plate armour of Eqat {Int+3 Slay+2
                  | Stlth+}
 17947 | Lair:3   | Got Gasmi's Grimoire of Transmigration and Stones
 18323 | Lair:4   | Reached skill level 5 in Transmutations
 18648 | Lair:4   | Noticed a seven-headed hydra
 18665 | Lair:4   | Killed a seven-headed hydra
 18764 | Lair:4   | Reached XP level 13. HP: 66/66 MP: 19/33
 18984 | Lair:4   | Reached skill level 15 in Spellcasting
 19142 | Lair:4   | Found a staircase to the Snake Pit.
 19375 | Lair:4   | Offered knowledge of Fireball by Vehumet.
 19531 | Lair:4   | Learned a level 5 spell: Fireball
 20256 | Lair:5   | Found a staircase to the Slime Pits.
 20800 | Lair:6   | Entered Level 6 of the Lair of Beasts
 20918 | Lair:6   | Reached skill level 10 in Fire Magic
 21546 | Lair:6   | Reached skill level 16 in Spellcasting
 21896 | Lair:6   | Reached XP level 14. HP: 72/72 MP: 36/36
 21902 | Lair:6   | Identified the +8 war axe "Diuzod" {vorpal, +Blink rPois
                  | Dex-2}
 22571 | Lair:6   | Reached skill level 1 in Ice Magic
 22572 | Lair:6   | Offered knowledge of Spellforged Servitor by Vehumet.
 22854 | Lair:6   | Found a burning altar of Makhleb.
 22861 | Lair:6   | Found a gateway to Hell.
 23381 | Orc:1    | Entered Level 1 of the Orcish Mines
 23381 | Orc:1    | Noticed Erolcha
 23386 | Orc:1    | Killed Erolcha
 23546 | Orc:1    | Noticed an orc warlord
 23551 | Orc:1    | Noticed Maurice
 23559 | Orc:1    | Reached skill level 5 in Ice Magic
 23563 | Orc:1    | Killed Maurice
 23571 | Orc:1    | Shot with a bolt by an orc warlord

Illustrated notes

Levels and vault maps discovered:
D:1:      lemuel_arrival_behind_the_door_large, layout_basic,
          serial_park_tiny_pond
D:2:      layout_loops_ring, shapermc_ecumenical_altar_mp_highgroup,
          uniq_terence
D:3:      layout_basic, grunt_dithmenos_smoke_and_mirrors, minitemple,
          serial_aquarium, aquarium_bridge_straight [aquarium_subvault_bridge,
          aquarium_subvault_window, aquarium_subvault_bridge,
          aquarium_subvault_wall], aquarium_window_fake, aquarium_window_double,
          aquarium_window_1, aquarium_view_2a, aquarium_pool_split,
          kennysheep_generic_room_9
D:4:      corexii_shack_village, layout_cave_pools,
          nicolae_tso_besieged_by_evil, doesnt_xom_only_xom, uniq_eustachio,
          uniq_blork_the_orc
D:5:      layout_cave_pools, nicolae_overflow_crystal_walls,
          gup_sewer_entry_pipe, uniq_sigmund
D:6:      layout_gridville, zin_purify, nicolae_uskayaw_en_pointe
D:7:      layout_rooms, kennysheep_little_box, minmay_temple_entry_arrows,
          uniq_joseph
D:8:      minmay_inner_zag, layout_basic
D:9:      layout_roguey, david_lair_generic, orc_0_dummy
D:10:     layout_small_grid, enter_trove_6, st_stairs_5
D:11:     layout_loops_ring, serial_shops, shop_statue, nicolae_shop_waterfront,
          nicolae_stop_n_shop_1, enter_bailey_5, doesnt_shop_hydraphobe
Lair:1:   layout_cave_pods, grunt_forest_stairs_basic, grunt_megastairs_2
Lair:2:   layout_gridlike, elwin_shoals_entry_rocks
Lair:3:   layout_hall_layers, chequers_serial_rivers_small_b
Lair:4:   layout_long_grid, guppyfry_snake_entry_island, serial_bayou_crossing
Lair:5:   layout_regular_city, nicolae_slime_entry_slimehenge,
          beast_lair_carwin_5, infiniplex_staircase_pool_2
Lair:6:   evil_forest, layout_regular_city, lemuel_fruit_fields
Orc:1:    layout_caves, basic_altar, uniq_maurice, uniq_harold, uniq_erolcha

Skill      XL: |  1  2  3  4  5  6  7  8  9 10 11 12 13 14 |
---------------+-------------------------------------------+-----
Fighting       | 1 2 |  2.0
Stealth        | 3 4 5 6 7 8 9 10 11 12 | 12.0
Spellcasting   | 4 5 6 8 9 12 13 14 16 | 16.8
Conjurations   | 5 6 7 8 11 12 13 | 13.0
Dodging        | 3 4 6 7 8 9 10 11 12 | 12.0
Hexes          | 2 3 |  3.0
Shields        | 1 2 4 |  4.0
Translocations | 2 |  2.0
Fire Magic     | 3 7 10 12 | 12.4
Poison Magic   | 2 5 |  5.0
Transmutations | 5 |  5.0
Ice Magic      | 5 |  5.0

Action                   |  1- 3 |  4- 6 |  7- 9 | 10-12 | 13-15 || total
-------------------------+-------+-------+-------+-------+-------++-------
Melee: Staff             |       |       |    17 |    25 |     4 ||    46
 Cast: Magic Dart        |    64 |    82 |   288 |   256 |    11 ||   701
       Searing Ray       |     3 |    11 |    49 |    37 |       ||   100
       Fulminant Prism   |       |       |     5 |    35 |     6 ||    46
       Iskenderun's Myst |       |       |     2 |    70 |    40 ||   112
       Flame Wave        |       |       |       |    18 |     1 ||    19
       Olgreb's Toxic Ra |       |       |       |    41 |    43 ||    84
       Ignite Poison     |       |       |       |    32 |    32 ||    64
       Eringya's Noxious |       |       |       |     1 |     3 ||     4
       Fireball          |       |       |       |       |   113 ||   113
  Use: Scroll            |       |     5 |     3 |     9 |     4 ||    21
       Potion            |       |       |       |     1 |     1 ||     2
Armor: Robe              |       |     1 |    28 |       |       ||    29
       Troll leather arm |       |       |     2 |    65 |     9 ||    76
Dodge: Dodged            |     2 |     9 |    97 |   293 |    35 ||   436
Block: Buckler           |       |       |       |       |     4 ||     4

Table legend: (Time is in decaauts)
 A = Elapsed time spent in this place.
 B = Non-inter-level travel time spent in this place.
 C = Inter-level travel time spent in this place.
 D = Time resting spent in this place.
 E = Time spent auto-exploring this place.
 F = Levels seen in this place.
 G = Mean time per level.
                   A        B        C        D        E       F      G
               +--------+--------+--------+--------+--------+-----+--------+
         Total |  23646 |  22624 |   1022 |   1373 |  17614 |  20 | 1182.3 |
       Dungeon |  13117 |  12427 |    690 |    775 |   9971 |  11 | 1192.5 |
          Lair |   8126 |   7795 |    331 |    510 |   6139 |   6 | 1354.3 |
  Orcish Mines |    189 |    189 |      0 |      0 |    129 |   1 |  189.0 |
         Sewer |   1050 |   1050 |      0 |     66 |    748 |   1 | 1050.0 |
        Bailey |   1161 |   1161 |      0 |     22 |    625 |   1 | 1161.0 |
               +--------+--------+--------+--------+--------+-----+--------+

Top non-repeatable levels by time:
  Lair:6: 2268 daAuts
     D:4: 1558 daAuts
  Lair:4: 1491 daAuts
     D:8: 1483 daAuts
     D:3: 1475 daAuts
     D:6: 1368 daAuts
  Lair:5: 1305 daAuts
     D:2: 1265 daAuts
  Lair:1: 1262 daAuts
  Bailey: 1161 daAuts
     D:1: 1141 daAuts
    D:10: 1086 daAuts
   Sewer: 1050 daAuts
     D:9: 1011 daAuts
  Lair:2: 999 daAuts
